 Dungeon Crawl Stone Soup version 0.22.1-1-ga44c0e5 (webtiles) character file.

274624 dvd the Warrior (level 20, -6/191 HPs)
             Began as an Ogre Fighter on Oct 23, 2018.
             Was the Champion of Hepliaklqana.
             Mangled by Recsois's ghost (37 damage)
             ... on level 14 of the Dungeon on Oct 25, 2018.
             The game lasted 03:22:45 (52647 turns).

dvd the Warrior (Ogre Fighter)                     Turns: 52647, Time: 03:22:46

Health: -6/191     AC: 20    Str: 38    XL:     20   Next: 32%
Magic:  21/21      EV: 17    Int:  9    God:    Hepliaklqana [******]
Gold:   1436       SH: 17    Dex: 24    Spells: 17/19 levels left

rFire    + . .     SeeInvis .   d - +9 whip of Xeihucko {freeze, rF- rC+ Str+3 Dex+3}
rCold    + + +     Gourm    .   w - +1 shield {reflect}
rNeg     . . .     Faith    .   H - +1 gold dragon scales "Jehotwoz" {rPois rF+ rC+ Str+5 Stlth+}
rPois    +         Spirit   .   (helmet restricted)
rElec    +         Reflect  +   Q - scarf {cloud immunity}
rCorr    .         Harm     .   (gloves unavailable)
MR       +++..                  (boots unavailable)
Stlth    ..........             R - amulet of regeneration
HPRegen  0.81/turn              l - ring of Iqanuut {Wiz rF+ rC+}
MPRegen  0.17/turn              z - ring "Loghuuq" {rPois rC+ MR+ Stlth-}

@: mighty, agile, studying Maces & Flails
A: large, unfitting armour, reduced essence, agile 1, electricity resistance,
tough skin 1, MP-powered wands
}: 2/15 runes: barnacled, gossamer
a: Recall Ancestor, Ancestor Identity, Transference, Idealise, Renounce Religion


You were on level 14 of the Dungeon.
You worshipped Hepliaklqana.
Hepliaklqana was exalted by your worship.
You were hungry.

You visited 8 branches of the dungeon, and saw 35 of its levels.
You also visited: Sewer, Bailey, Ice Cave and Desolation.

You collected 4191 gold pieces.
You spent 2755 gold pieces at shops.

Inventory:

Hand Weapons
 a - the +6 rapier of Sugumeabbi {elec, rElec rF+ Dex+3 Stlth+}
   (You bought it in a shop on level 2 of the Orcish Mines)

   Occasionally, upon striking a foe, it will discharge some electrical energy
   and cause terrible harm.
   It affects your dexterity (+3).
   It protects you from fire.
   It insulates you from electricity.
   It makes you more stealthy.
 c - the +6 morningstar "Yrismar" {freeze, rPois rC- MR++ Str+2}
   (You bought it in a shop on level 2 of the Orcish Mines)

   It has been specially enchanted to freeze those struck by it, causing extra
   injury to most foes and up to half again as much damage against particularly
   susceptible opponents.
   It can also slow down cold-blooded creatures.
   It affects your strength (+2).
   It makes you vulnerable to cold.
   It protects you from poison.
   It affects your resistance to hostile enchantments.
 d - the +9 whip of Xeihucko (weapon) {freeze, rF- rC+ Str+3 Dex+3}
   (You found it on level 3 of the Spider Nest)

   It has been specially enchanted to freeze those struck by it, causing extra
   injury to most foes and up to half again as much damage against particularly
   susceptible opponents.
   It can also slow down cold-blooded creatures.
   It affects your strength (+3).
   It affects your dexterity (+3).
   It makes you vulnerable to fire.
   It protects you from cold.
 v - a +9 war axe of flaming
 y - a +3 scimitar of flaming
 N - a +1 long sword of slicing
 Z - a +1 long sword of holy wrath
Missiles
 b - 15 poisoned javelins
 A - 33 steel javelins
 F - 9 poisoned tomahawks
 L - 29 large rocks (quivered)
 V - 83 javelins
Armour
 w - a +1 shield of reflection (worn)
 B - the +1 cloak of Insurance {rPois rCorr Int-5}
   (You found it on level 2 of the Spider Nest)

   It affects your intelligence (-5).
   It protects you from poison.
   It provides partial protection from all sources of acid and corrosion.
 H - the +1 gold dragon scales "Jehotwoz" (worn) {rPois rF+ rC+ Str+5 Stlth+}
   (You found it in a bailey)

   It affects your strength (+5).
   It protects you from fire.
   It protects you from cold.
   It protects you from poison.
   It makes you more stealthy.
 Q - a scarf of cloud immunity (worn)
Jewellery
 e - an uncursed ring of see invisible
 l - the ring of Iqanuut (left hand) {Wiz rF+ rC+}
   (You found it on level 2 of the Shoals)

   [ring of wizardry]

   It improves your spell success rate.
   It protects you from fire.
   It protects you from cold.
 p - an uncursed ring of resist corrosion
 t - a +4 ring of strength
 u - a +5 amulet of reflection
 z - the ring "Loghuuq" (right hand) {rPois rC+ MR+ Stlth-}
   (You bought it in a shop on level 2 of the Elven Halls)

   [ring of attention]

   It protects you from cold.
   It protects you from poison.
   It affects your resistance to hostile enchantments.
   It makes you less stealthy.
 R - an amulet of regeneration (around neck)
 S - an uncursed ring of protection from magic
Wands
 s - a wand of enslavement (32)
 D - a wand of flame (94)
 J - a wand of iceblast (16)
 K - a wand of acid (8)
 O - a wand of digging (11)
 T - a wand of disintegration (13)
Scrolls
 g - 3 scrolls of fear
 h - 8 scrolls of teleportation
 k - 24 scrolls of identify
 o - 14 scrolls of remove curse
 q - 4 scrolls of blinking
 r - a scroll of magic mapping
 I - a scroll of amnesia
 U - 3 scrolls of fog
Potions
 j - 13 potions of curing
 m - 2 potions of mutation
 n - 6 potions of resistance
 x - 8 potions of flight
 C - 5 potions of heal wounds
 E - a potion of agility
 G - a potion of cancellation
 W - 4 potions of haste
 X - 2 potions of brilliance
 Y - 2 potions of ambrosia
Books
 i - a manual of Maces & Flails
Comestibles
 f - 53 rations


   Skills:
 + Level 15.7 Fighting
 + Level 12.2(13.5) Short Blades
 + Level 10.3(12.7) Long Blades
 * Level 9.6(9.9) Axes
 + Level 3.0(6.3) Maces & Flails
 + Level 10.3 Throwing
 * Level 12.2 Armour
 + Level 10.1 Dodging
 + Level 8.7 Stealth
 + Level 15.4 Shields
 + Level 1.4 Evocations


You had 17 spell levels left.
You knew the following spells:

 Your Spells              Type           Power        Failure   Level  Hunger
a - Call Imp              Summ           #.......     93%         2    ###....

Your spell library contained the following spells:

 Spells                   Type           Power        Failure   Level  Hunger
 Animate Skeleton         Necr           N/A          86%         1    ##.....
 Apportation              Tloc           #.....       86%         1    ##.....
 Confusing Touch          Hex            #.....       86%         1    ##.....
 Corona                   Hex            #......      86%         1    ##.....
 Flame Tongue             Conj/Fire      #....        86%         1    ##.....
 Pain                     Necr           #...         86%         1    ##.....
 Summon Small Mammal      Summ           #...         86%         1    ##.....
 Corpse Rot               Necr           N/A          93%         2    ###....
 Ensorcelled Hibernation  Hex/Ice        #.....       93%         2    ###....
 Sublimation of Blood     Necr           #.........   93%         2    ###....
 Call Canine Familiar     Summ           #.......     99%         3    ####...
 Confuse                  Hex            #.......     99%         3    ####...
 Dazzling Spray           Conj/Hex       #.....       99%         3    ####...
 Ignite Poison            Fire/Tmut/Pois #.......     99%         3    ####...
 Recall                   Summ/Tloc      N/A          99%         3    ####...
 Static Discharge         Conj/Air       #.......     99%         3    ####...
 Summon Guardian Golem    Hex/Summ       #.......     99%         3    ####...
 Tukima's Dance           Hex            #.......     99%         3    ####...
 Airstrike                Air            #.........   100%        4    #####..
 Animate Dead             Necr           N/A          100%        4    #####..
 Fulminant Prism          Conj/Hex       #.........   100%        4    #####..
 Leda's Liquefaction      Hex/Erth       #.........   100%        4    #####..
 Olgreb's Toxic Radiance  Pois           #.......     100%        4    #####..
 Petrify                  Tmut/Erth      #.......     100%        4    #####..
 Summon Ice Beast         Ice/Summ       #.......     100%        4    #####..
 Summon Lightning Spire   Summ/Air       #.......     100%        4    #####..
 Alistair's Intoxication  Tmut/Pois      #.......     100%        5    ######.
 Aura of Abjuration       Summ           #.........   100%        5    ######.
 Borgnjor's Vile Clutch   Necr/Erth      #.........   100%        5    ######.
 Fireball                 Conj/Fire      #.........   100%        5    ######.
 Irradiate                Conj/Tmut      #.........   100%        5    ######.
 Lightning Bolt           Conj/Air       #.........   100%        5    ######.
 Summon Demon             Summ           #.........   100%        5    ######.
 Summon Forest            Summ/Tloc      #.........   100%        5    ######.
 Summon Mana Viper        Hex/Summ       #.......     100%        5    ######.
 Bolt of Fire             Conj/Fire      #.........   100%        6    #######
 Death Channel            Necr           #.........   100%        6    #######
 Freezing Cloud           Conj/Ice/Air   #.........   100%        6    #######
 Hydra Form               Tmut           #.........   100%        6    #######
 Shadow Creatures         Summ           N/A          100%        6    #######
 Simulacrum               Ice/Necr       #.........   100%        6    #######
 Statue Form              Tmut/Erth      #........    100%        6    #######
 Dragon Form              Tmut           #.........   100%        7    #######
 Malign Gateway           Summ/Tloc      #.........   100%        7    #######
 Monstrous Menagerie      Summ           #.........   100%        7    #######
 Ring of Flames           Chrm/Fire      #.........   100%        7    #######
 Summon Greater Demon     Summ           #.........   100%        7    #######
 Ignition                 Fire           #.........   100%        8    #######
 Summon Horrible Things   Summ           #.........   100%        8    #######
 Dragon's Call            Summ           #.........   100%        9    #######
 Shatter                  Erth           #.........   100%        9    #######
 Tornado                  Air            #.........   100%        9    #######


Dungeon Overview and Level Annotations

Branches:
Dungeon (15/15)            Temple (1/1) D:6            Lair (6/6) D:8
 Shoals (4/4) Lair:2       Spider (4/4) Lair:4        Slime (0/5) Lair:5
    Orc (2/2) D:12            Elf (2/3) Orc:2        Vaults (1/5) D:14
 Depths (0/5) D:15

Altars:
Ashenzari
Dithmenos
Elyvilon
Fedhas
Gozag
Hepliaklqana
Makhleb
Nemelex Xobeh
Okawaru
Sif Muna
Vehumet
Wu Jian
Xom
Yredelemnul
Zin
The Shining One
Beogh

Shops:
D:4 :   D:7 %   D:12 *?   D:13 (?   Orc:1 }   Orc:2 *[(=   Elf:2 =}=
Shoals:2 !   Shoals:4 :

Annotations:
D:14 Recsois's ghost, adept MiGl


Innate Abilities, Weirdness & Mutations

You are too large for most types of armour.
You have tough skin. (AC +1)
Your life essence is reduced to manifest your ancestor. (-10% HP)
You are agile. (Dex +2)
You are resistant to electric shocks. (rElec)
You expend magic power (3 MP) to strengthen your wands.


Message History

You completely miss Recsois's ghost.
Recsois's ghost is almost destroyed.
Recsois's ghost hits you.
* * * LOW HITPOINT WARNING * * *
You miss Recsois's ghost.
Recsois's ghost is almost destroyed.
You closely miss Recsois's ghost.
Recsois's ghost is almost destroyed.
You block Recsois's ghost's attack.
You miss Recsois's ghost.
Recsois's ghost is almost destroyed.
Recsois's ghost hits you!
* * * LOW HITPOINT WARNING * * *
Recsois's ghost freezes you.
* * * LOW HITPOINT WARNING * * *
Unknown command.
You miss Recsois's ghost.
Recsois's ghost is almost destroyed.
Recsois's ghost hits you!!!
You die...

# ##################
.........##......# #
########>.#.####.#
##### ##...# #.#
#########....
##########..# #.#
#.........###
............# #.#
#############
.##########.# ##@##
###### #. .#
#.###W..###....#### ##.
.#
#.[[).∩.....##....###..
.#
#####...#########...#.#
.## ##.## ##....# ..#
#.# #...... #.# #.#
###.##### #.# #.#
##.!.# # #.# ###.###
###[[### #


You could see Recsois's ghost.

Vanquished Creatures
  Arachne (Spider:2)
  An Ice Fiend (IceCv)
  The ghost of HUIXAX the Severer, an adept MiBe of Trog (Spider:3)
  The ghost of feelmyfire the Severer, an adept HOAK of Lugonu (Orc:2)
  Roxanne (Spider:2)
  Kirke (Lair:4)
  Louise (D:15)
  2 orc warlords (Orc:2)
  A deep elf sorcerer (Elf:1)
  6 vault wardens (Vaults:1)
  3 ghost moths (Spider:4)
  2 angels (Elf:2)
  3 emperor scorpions
  An ironheart preserver (Vaults:1)
  A stone giant (Orc:2)
  An entropy weaver (Spider:2)
  Azrael (Spider:1)
  A deep elf annihilator (Elf:2)
  3 spark wasps
  5 merfolk javelineers
  Snorg (Lair:4)
  A deep elf death mage (Elf:1)
  6 merfolk impalers
  3 ettins
  A yaktaur captain (Vaults:1)
  8 vault guards (D:14)
  2 ice dragons (Vaults:1)
  7 hydras
  2 merfolk avatars (Shoals:2)
  A catoblepas (Shoals:1)
  An alligator snapping turtle (Shoals:4)
  2 merfolk aquamancers (Shoals:4)
  A death knight (D:13)
  4 two-headed ogres
  3 satyrs
  A tengu warrior (D:15)
  3 death yaks
  3 ogre magi
  17 dancing weapons
  8 deep elf knights
  Nergalle (Lair:3)
  A skeletal warrior (Vaults:1)
  4 unseen horrors
  3 large abominations (Elf:1)
  9 sea snakes
  3 ironbrand convokers (Vaults:1)
  6 deep elf archers
  A lindwurm (Lair:4)
  21 harpies
  13 orb spiders
  4 necromancers (Elf:1)
  10 orc knights
  31 wolf spiders
  22 deep elf magi
  11 fauns
  2 oklob plants (Lair:1)
  8 cyclopes
  4 ugly things
  13 manticores
  4 moths of wrath
  11 merfolk sirens
  A water nymph (shapeshifter) (D:15)
  2 vault sentinels (Vaults:1)
  4 elephants
  3 black mambas
  4 water nymphs
  4 spiny frogs
  2 gargoyles
  6 demonic crawlers
  A kobold demonologist (D:13)
  6 freezing wraiths
  5 komodo dragons
  3 tengu conjurers
  3 ice devils (IceCv)
  2 anaconda simulacra (IceCv)
  A rime drake (shapeshifter) (Vaults:1)
  6 yaktaurs
  20 jumping spiders
  A queen bee (Lair:4)
  3 wind drakes
  31 merfolk
  3 meliai
  4 polar bears
  8 trolls
  A wolf spider simulacrum (IceCv)
  2 saltlings (Desolation)
  13 hornets
  6 dream sheep
  16 blink frogs
  4 slime creatures (Vaults:1)
  10 snapping turtles
  15 hippogriffs
  2 water elementals
  35 tarantellas
  An air elemental (Elf:1)
  51 redbacks
  2 wyverns
  A human (D:9)
  Sigmund (D:6)
  16 spriggans
  Eustachio (D:5)
  A wraith (D:9)
  A vampire (D:12)
  27 yaks
  5 basilisks
  4 fire elementals
  4 hogs
  3 hungry ghosts
  A human (shapeshifter) (Vaults:1)
  A death yak simulacrum (IceCv)
  7 vampire mosquitoes (D:15)
  2 wargs (Orc:1)
  Menkaure (D:6)
  3 harpy simulacra (IceCv)
  2 iron troll simulacra (IceCv)
  A soldier ant (D:15)
  6 porcupines
  3 hell hounds (Spider:1)
  3 hydra simulacra (IceCv)
  15 water moccasins
  4 black bears
  5 phantoms
  A necrophage (D:9)
  29 orc warriors
  4 sky beasts
  An alligator simulacrum (IceCv)
  4 ice beasts
  2 ettin simulacra (IceCv)
  8 ogres
  3 eyes of draining
  2 boggarts (Lair:6)
  15 wolves
  8 centaurs
  12 crocodiles
  3 elf zombies
  3 big kobolds
  20 bullfrogs
  An earth elemental (Elf:1)
  A wyvern zombie (D:11)
  3 hexers
  4 scorpions
  A troll zombie (D:9)
  31 killer bees
  3 wights (D:13)
  5 electric eels
  14 crimson imps
  A bullfrog zombie (D:4)
  A lava snake (Lair:2)
  17 orc priests
  A quasit (D:10)
  2 human zombies (D:9)
  4 bullfrog skeletons
  3 centaur zombies
  A draconian simulacrum (IceCv)
  5 hounds
  A jelly (D:8)
  5 centaur skeletons
  A human skeleton (D:9)
  2 iguanas
  Terence (D:2)
  19 orc wizards
  6 worker ants
  A hell rat (Lair:4)
  6 troll simulacra (IceCv)
  A wolf simulacrum (IceCv)
  A polar bear simulacrum (IceCv)
  A centaur simulacrum (IceCv)
  A hound zombie (D:9)
  A hound skeleton (D:4)
  2 mummies (D:9)
  3 gnolls (Orc:1)
  10 adders
  3 naga simulacra (IceCv)
  An ogre simulacrum (IceCv)
  A river rat (D:5)
  6 shadow imps
  3 white imps (IceCv)
  3 ufetubi (IceCv)
  An ooze (Sewer)
  3 worms
  12 dart slugs
  8 leopard geckos
  82 orcs
  4 ball pythons
  6 giant cockroaches
  2 goblins (D:1)
  6 hobgoblins
  28 jackals
  32 kobolds
  5 quokkas
  7 bats
  9 frilled lizards
  A jackal skeleton (D:4)
  A leopard gecko skeleton (D:5)
  6 rats
  4 fungi
  A plant (Lair:1)
  A withered plant (Shoals:1)
1204 creatures vanquished.

Vanquished Creatures (collateral kills)
  Nikola (Spider:1)
  2 entropy weavers
  An ettin (Orc:1)
  2 hydras (Lair:5)
  A vault guard (Vaults:1)
  An ice dragon (Spider:1)
  A two-headed ogre (D:15)
  6 dancing weapons (Elf:2)
  A death yak (Lair:5)
  A tengu warrior (D:14)
  A deep elf knight (Elf:2)
  2 sea snakes
  An unseen horror (D:13)
  A wizard (D:14)
  A deep elf archer (Elf:2)
  5 harpies
  An ironbrand convoker (Vaults:1)
  An orb spider (Spider:4)
  3 wolf spiders
  6 fauns
  3 cyclopes
  3 deep elf magi
  An ugly thing (D:15)
  2 orc knights
  3 manticores
  An elephant (Lair:4)
  A black mamba (Lair:6)
  2 centaur zombies
  5 spiny frogs
  A rime drake (Lair:2)
  2 demonic crawlers (Spider:4)
  2 ice devils (IceCv)
  A troll (D:10)
  3 merfolk
  2 polar bears (Lair:6)
  5 jumping spiders
  A hornet (Lair:6)
  2 meliai (Lair:4)
  8 blink frogs
  2 slime creatures (Vaults:1)
  2 hippogriffs
  A snapping turtle (Shoals:1)
  A wraith (D:11)
  2 fire elementals (Spider:1)
  11 redbacks
  A spriggan (Lair:6)
  A shadow (D:9)
  2 hogs
  5 yaks
  A wyvern (D:8)
  2 water elementals
  A human (shapeshifter) (Vaults:1)
  2 vampire mosquitoes (D:14)
  5 basilisks
  5 water moccasins
  A porcupine (Lair:2)
  An ice beast (D:9)
  5 orc warriors
  A large abomination (Elf:1)
  A sky beast (D:8)
  7 ogres
  5 wolves (Lair:6)
  A boggart (Lair:6)
  A centaur (D:13)
  5 crocodiles
  2 big kobolds
  2 bullfrogs
  A water moccasin skeleton (D:9)
  A scorpion (D:7)
  6 killer bees
  2 wights (D:13)
  A quasit (D:10)
  A human zombie (D:9)
  2 orc priests
  2 jellies
  2 hounds
  2 worker ants
  2 centaur simulacra (IceCv)
  An ogre zombie (D:9)
  2 mummies (D:9)
  A gnoll (Orc:1)
  2 adders (D:11)
  An adder zombie (D:7)
  21 orcs
  A ball python (D:12)
  A jackal (D:7)
  A quokka (D:7)
  3 kobolds
  A fungus (Orc:2)
220 creatures vanquished.

Vanquished Creatures (others)
  3 merfolk javelineers (Shoals:4)
  A yaktaur captain (Vaults:1)
  A sun demon (Shoals:2)
  3 cyclopes
  A manticore (Shoals:2)
  2 yaktaurs (Vaults:1)
  A meliai (Spider:4)
  A saltling (Desolation)
  A merfolk (Shoals:1)
  A troll (D:12)
  A tarantella (Spider:2)
  3 humans (Lair:4)
  A centaur (D:10)
  An ancestor (Lair:1)
  44 hexers
  A white imp (IceCv)
  A leopard gecko (D:9)
  A kobold (D:10)
  16 fungi
  18 plants
102 creatures vanquished.

Grand Total: 1526 creatures vanquished

Notes
Turn   | Place    | Note
-------+----------+-------------------------------------------
     0 | D:1      | dvd the Ogre Fighter began the quest for the Orb.
     0 | D:1      | Reached XP level 1. HP: 24/24 MP: 1/1
   185 | D:1      | Reached XP level 2. HP: 32/32 MP: 2/2
   658 | D:1      | Reached XP level 3. HP: 34/40 MP: 3/3
   973 | D:2      | Found a radiant altar of Vehumet.
  1508 | D:2      | Noticed Terence
  1625 | D:2      | HP: 1/40 [Terence/falchion of electrocution (15)]
  1627 | D:2      | Killed Terence
  1627 | D:2      | Reached XP level 4. HP: 1/49 MP: 4/4
  2313 | D:3      | Noticed a bullfrog
  2323 | D:2      | Killed a bullfrog
  2323 | D:2      | Reached XP level 5. HP: 8/55 MP: 5/5
  3293 | D:3      | Found a shattered altar of Ashenzari.
  3569 | D:4      | Reached skill level 1 in Long Blades
  3581 | D:4      | Reached skill level 5 in Fighting
  3597 | D:4      | Found a shimmering altar of Xom.
  3610 | D:4      | Reached XP level 6. HP: 66/66 MP: 6/6
  3685 | D:4      | Found Pimearij's Book Emporium.
  3738 | D:4      | Found a sparkling altar of Nemelex Xobeh.
  3817 | D:4      | Noticed a phantom
  4251 | D:4      | Killed a phantom
  4251 | D:4      | Reached XP level 7. HP: 57/72 MP: 7/7
  4357 | D:4      | Reached skill level 1 in Throwing
  4872 | D:5      | Entered Level 5 of the Dungeon
  5039 | D:5      | Found a white marble altar of Elyvilon.
  5039 | D:5      | Found a glowing silver altar of Zin.
  5039 | D:5      | Found a burning altar of Makhleb.
  5111 | D:5      | Found a glowing drain.
  5130 | Sewer    | Entered a sewer
  5279 | Sewer    | Reached skill level 1 in Stealth
  5279 | Sewer    | Reached XP level 8. HP: 41/83 MP: 8/8
  5535 | D:5      | Reached skill level 5 in Shields
  5993 | D:6      | Noticed Eustachio
  6016 | D:5      | Gained mutation: You are resistant to electric shocks.
                  | (rElec) [potion of mutation]
  6016 | D:5      | Gained mutation: You expend magic power (3 MP) to
                  | strengthen your wands. [potion of mutation]
  6016 | D:5      | Gained mutation: You are agile. (Dex +2) [potion of
                  | mutation]
  6036 | D:5      | Killed Eustachio
  6473 | D:6      | Noticed Sigmund
  6483 | D:6      | Killed Sigmund
  6696 | D:6      | Noticed Menkaure
  6706 | D:6      | HP: 4/84 [Menkaure (22)]
  6707 | D:6      | HP: 1/84 [orc wizard/dagger (3)]
  6996 | D:6      | Killed Menkaure
  7024 | D:6      | Reached skill level 5 in Dodging
  7229 | D:6      | Found a staircase to the Ecumenical Temple.
  7245 | Temple   | Entered the Ecumenical Temple
  7251 | Temple   | Became a worshipper of Hepliaklqana the Forgotten
  7477 | D:7      | Reached XP level 9. HP: 82/82 MP: 9/9
  7571 | D:7      | Found Zojaehes's Food Emporium.
  8271 | D:7      | Reached skill level 5 in Long Blades
  9224 | D:8      | Reached * piety under Hepliaklqana
  9253 | D:8      | Found a staircase to the Lair.
  9254 | D:8      | Noticed a komodo dragon
  9340 | D:8      | Reached skill level 1 in Maces & Flails
  9524 | D:8      | Killed a komodo dragon
  9524 | D:8      | Reached XP level 10. HP: 91/91 MP: 10/10
  9550 | Lair:1   | Entered Level 1 of the Lair of Beasts
  9569 | Lair:1   | Noticed a spiny frog
  9575 | Lair:1   | Killed a spiny frog
  9907 | Lair:1   | Reached ** piety under Hepliaklqana
  9907 | Lair:1   | Noticed a spiny frog
  9908 | Lair:1   | Remembered your ancestor Chakide as a hexer
  9909 | Lair:1   | Found an ornate altar of the Wu Jian Council.
  9914 | Lair:1   | Killed a spiny frog
 10196 | Lair:1   | Noticed an elephant
 10228 | Lair:1   | Killed an elephant
 10440 | Lair:1   | Noticed an elephant
 10453 | Lair:1   | Killed an elephant
 10553 | Lair:1   | Noticed an oklob plant
 10758 | Lair:1   | Reached XP level 11. HP: 92/101 MP: 11/11
 11677 | Lair:1   | Reached skill level 5 in Axes
 12013 | Lair:2   | Noticed a manticore
 12119 | Lair:2   | Found an opulent altar of Gozag.
 12235 | Lair:2   | Found a staircase to the Shoals.
 12682 | Lair:2   | Killed a manticore
 13178 | Lair:2   | Reached *** piety under Hepliaklqana
 13532 | Lair:3   | Noticed an eight-headed hydra
 13551 | Lair:3   | Reached skill level 10 in Shields
 13562 | Lair:3   | Killed an eight-headed hydra
 13562 | Lair:3   | Reached XP level 12. HP: 46/111 MP: 4/12
 13815 | Lair:3   | Noticed Nergalle
 13827 | Lair:3   | Killed Nergalle
 14577 | Lair:3   | Reached **** piety under Hepliaklqana
 15127 | Lair:4   | Noticed an eight-headed hydra
 15149 | Lair:4   | Reached skill level 5 in Throwing
 15602 | Lair:4   | Reached skill level 10 in Fighting
 16319 | D:9      | Found a basalt altar of Yredelemnul.
 17664 | D:9      | Learned a level 2 spell: Call Imp
 17699 | D:10     | Entered Level 10 of the Dungeon
 17821 | D:10     | Reached XP level 13. HP: 121/121 MP: 13/13
 17896 | D:10     | Found a shadowy altar of Dithmenos.
 17931 | D:10     | Reached ***** piety under Hepliaklqana
 19028 | D:11     | Identified the Papyrus of Creative Attacks
 19689 | D:12     | Found Gecheuqo's Magic Scroll Boutique.
 19697 | D:12     | Bought a scroll of teleportation for 48 gold pieces
 19697 | D:12     | Bought a scroll of teleportation for 48 gold pieces
 19697 | D:12     | Bought a scroll of teleportation for 48 gold pieces
 19697 | D:12     | Bought a scroll of teleportation for 48 gold pieces
 19984 | D:12     | Found a staircase to the Orcish Mines.
 20014 | D:12     | Found a roughly hewn altar of Beogh.
 20203 | D:12     | Found Nyopul's Serpentskin Sales.
 20209 | D:12     | Reached skill level 1 in Armour
 20704 | Lair:4   | Found a blossoming altar of Fedhas.
 20725 | Lair:4   | Noticed Kirke
 20755 | Lair:4   | Killed Kirke
 20765 | Lair:4   | Noticed Snorg
 21299 | Lair:4   | Found a hole to the Spider Nest.
 21454 | Lair:4   | Reached skill level 10 in Long Blades
 21495 | Lair:4   | Killed Snorg
 21968 | D:13     | Reached XP level 14. HP: 40/131 MP: 8/14
 22186 | Orc:1    | Entered Level 1 of the Orcish Mines
 22186 | Orc:1    | Found Keish's Gadget Shoppe.
 22524 | Orc:1    | Reached skill level 5 in Stealth
 22747 | Orc:2    | Entered Level 2 of the Orcish Mines
 22748 | Orc:2    | Found Asek's Antique Armour Boutique.
 22754 | Orc:2    | Noticed a stone giant
 22967 | Orc:2    | Killed a stone giant
 23034 | Orc:2    | Reached ****** piety under Hepliaklqana
 23038 | Orc:2    | Noticed an orc warlord
 23229 | Orc:2    | Killed an orc warlord
 23243 | Orc:2    | Found Erihuacs's Jewellery Shoppe.
 23465 | Orc:2    | Found Rewomats's General Store.
 23735 | Orc:2    | Found a runed door.
 23740 | Orc:2    | Noticed feelmyfire's ghost (adept HOAK)
 23751 | Orc:2    | Found Heudd's Antique Weapon Shop.
 23859 | Orc:1    | Noticed an orc warlord
 24049 | Orc:2    | Bought an encrusted morningstar for 225 gold pieces
 24049 | Orc:2    | Identified the +6 morningstar "Yrismar" {freeze, rPois rC-
                  | MR++ Str+2} (You bought it in a shop on level 2 of the
                  | Orcish Mines)
 24081 | Orc:2    | Found a staircase to the Elven Halls.
 24202 | Orc:2    | Bought the +6 rapier of Sugumeabbi {elec, rElec rF+ Dex+3
                  | Stlth+} for 1051 gold pieces
 24535 | Orc:2    | Killed an orc warlord
 24535 | Orc:2    | Reached skill level 1 in Short Blades
 26643 | Lair:5   | Found a staircase to the Slime Pits.
 27007 | Lair:6   | Entered Level 6 of the Lair of Beasts
 27042 | Lair:6   | Reached XP level 15. HP: 108/140 MP: 15/15
 27781 | Lair:6   | Reached skill level 5 in Short Blades
 27917 | Lair:6   | Reached skill level 10 in Dodging
 28612 | D:13     | Found Yheloz's Antique Weapon Shop.
 29038 | D:13     | Found Vabrim's Magic Scroll Boutique.
 29046 | D:13     | Bought a scroll of fear for 42 gold pieces
 29046 | D:13     | Bought a scroll of fear for 42 gold pieces
 29046 | D:13     | Bought a scroll of blinking for 90 gold pieces
 29642 | D:14     | Found a flagged portal.
 29718 | Bailey   | Entered a bailey
 30057 | Bailey   | Got obsidian-encrusted gold dragon scales
 30068 | Bailey   | Identified the cursed +1 gold dragon scales "Jehotwoz"
                  | {rPois rF+ rC+ Str+5 Stlth+} (You found it in a bailey)
 30413 | D:14     | Found a gate to the Vaults.
 30930 | D:14     | Reached XP level 16. HP: 150/150 MP: 16/16
 31014 | D:15     | Entered Level 15 of the Dungeon
 31055 | D:15     | Reached skill level 5 in Armour
 31432 | D:15     | Found a staircase to the Depths.
 31502 | D:15     | Noticed Louise
 31531 | D:15     | Killed Louise
 32112 | Spider:1 | Entered Level 1 of the Spider Nest
 32635 | Spider:1 | Found a frozen archway.
 32648 | IceCv    | Entered an ice cave
 32971 | IceCv    | Got a twisted trident
 32972 | IceCv    | Identified the +3 trident of the Gnat {flame, rElec MP+9
                  | Int+3} (You found it in an ice cave)
 33461 | IceCv    | Noticed an Ice Fiend
 34117 | IceCv    | Killed an Ice Fiend
 34947 | Spider:1 | Noticed Azrael
 34981 | Spider:1 | Killed Azrael
 35620 | Spider:1 | Noticed Nikola
 35629 | Spider:1 | Killed Nikola
 35776 | Spider:2 | Reached XP level 17. HP: 158/160 MP: 17/17
 35946 | Spider:2 | Noticed Roxanne
 35963 | Spider:2 | Killed Roxanne
 36141 | Spider:2 | Noticed Arachne
 36159 | Spider:2 | Killed Arachne
 36772 | Spider:2 | Identified the +1 cloak of Insurance {rPois rCorr Int-5}
                  | (You found it on level 2 of the Spider Nest)
 37181 | Spider:3 | Found a large runed door.
 37182 | Spider:3 | Found a large runed door.
 37211 | Spider:3 | Noticed HUIXAX's ghost (adept MiBe)
 37293 | Spider:3 | Reached skill level 15 in Shields
 37919 | Spider:3 | Killed HUIXAX's ghost
 37922 | Spider:3 | Got a pitted whip
 37923 | Spider:3 | Identified the +9 whip of Xeihucko {freeze, rF- rC+ Str+3
                  | Dex+3} (You found it on level 3 of the Spider Nest)
 37963 | Spider:4 | Entered Level 4 of the Spider Nest
 38073 | Spider:4 | Reached skill level 1 in Evocations
 38920 | Spider:4 | Reached skill level 10 in Short Blades
 39401 | Spider:4 | Reached XP level 18. HP: 158/169 MP: 18/18
 39698 | Spider:4 | Got a gossamer rune of Zot
 39923 | Shoals:1 | Entered Level 1 of the Shoals
 41176 | Shoals:2 | Found a transporter.
 41620 | Shoals:2 | Identified Symuirph's Further Steps in Wizardry
 41688 | Shoals:2 | Found Renaaqut's Distillery.
 41877 | Shoals:2 | Bought a potion of might for 52 gold pieces
 41877 | Shoals:2 | Bought a potion of might for 52 gold pieces
 42073 | Shoals:2 | Found a transporter.
 42710 | Shoals:2 | Got a brightly glowing bone amulet
 42720 | Shoals:2 | Got a coiled marble ring
 42725 | Shoals:2 | Identified the ring of Iqanuut {Wiz rF+ rC+} (You found it
                  | on level 2 of the Shoals)
 42727 | Shoals:2 | Identified the amulet of the Cockroach {Gourm Int+3 Dex-2
                  | Stlth+} (You found it on level 2 of the Shoals)
 43098 | Shoals:3 | Reached skill level 10 in Armour
 43196 | Shoals:4 | Entered Level 4 of the Shoals
 44787 | Shoals:4 | Found Ceomyvisch's Book Shop.
 45197 | Shoals:4 | Reached XP level 19. HP: 139/180 MP: 19/19
 45309 | Shoals:4 | Reached skill level 15 in Fighting
 45825 | Shoals:4 | Got a barnacled rune of Zot
 46718 | Orc:2    | Killed feelmyfire's ghost
 46774 | Elf:1    | Entered Level 1 of the Elven Halls
 47077 | Elf:1    | Identified Jitiaf's Compendium of Unholy Arts
 48371 | Elf:2    | Found a glowing silver altar of Zin.
 48371 | Elf:2    | Found a white marble altar of Elyvilon.
 48459 | Elf:2    | Found Cabi's Jewellery Shoppe.
 48459 | Elf:2    | Found Woakelua's Gadget Shop.
 48460 | Elf:2    | Found Vahez's Jewellery Shoppe.
 48480 | Elf:2    | Bought an uncursed amulet of regeneration for 450 gold
                  | pieces
 48493 | Elf:2    | Bought the ring "Loghuuq" {rPois rC+ MR+ Stlth-} for 469
                  | gold pieces
 48593 | Elf:2    | Found a ruined gateway.
 48739 | Elf:2    | Found a glowing golden altar of the Shining One.
 48794 | Desolati | Entered the Desolation of Salt
 48988 | Elf:2    | Found a huge runed gate.
 48988 | Elf:2    | Found a huge runed gate.
 48992 | Elf:2    | Found a huge runed gate.
 48993 | Elf:2    | Found a huge runed gate.
 48994 | Elf:2    | Found a huge runed gate.
 49414 | Elf:2    | Reached skill level 10 in Throwing
 51241 | Vaults:1 | Entered Level 1 of the Vaults
 51269 | Vaults:1 | Reached XP level 20. HP: 144/191 MP: 21/21
 51609 | D:13     | Bought a scroll of enchant weapon for 90 gold pieces
 52402 | Vaults:1 | Found a runed door.
 52404 | Vaults:1 | Noticed Recsois's ghost (adept MiGl)
 52647 | D:14     | Mangled by Recsois's ghost

Skill      XL: |  1  2  3  4  5  6  7  8  9 10 11 12 13 14 15 16 17 18 19 20 |
---------------+-------------------------------------------------------------+-----
Dodging        | 3 4 5 7 8 9 10 | 10.1
Shields        | 3 4 6 7 8 10 11 12 13 14 15 | 15.4
Axes           | 3 4 5 6 7 9 |  9.6
Long Blades    | 1 2 3 4 5 6 8 9 10 | 10.3
Fighting       | 5 6 7 8 9 10 11 12 13 14 15 | 15.7
Throwing       | 1 2 4 5 6 8 9 10 | 10.3
Stealth        | 1 2 3 4 5 6 7 8 |  8.7
Maces & Flails | 1 2 3 |  3.0
Armour         | 2 3 4 6 8 10 11 12 | 12.2
Short Blades   | 3 6 8 10 11 12 | 12.2
Evocations     | 1 |  1.4

Action                   |  1- 3 |  4- 6 |  7- 9 | 10-12 | 13-15 | 16-18 | 19-21 || total
-------------------------+-------+-------+-------+-------+-------+-------+-------++-------
Melee: War axe           |    98 |       |    27 |    53 |    48 |    64 |   156 ||   446
       Falchion          |       |   144 |   290 |   495 |   473 |       |       ||  1402
       Flail             |       |       |    20 |    23 |     4 |       |       ||    47
       Rapier            |       |       |       |     5 |   626 |  1504 |   506 ||  2641
       Hand axe          |       |       |       |       |    80 |       |       ||    80
       Whip              |       |       |       |       |       |       |    56 ||    56
Throw: Javelin           |       |    11 |    12 |    44 |     7 |       |       ||    74
       Tomahawk          |       |       |       |    12 |     5 |       |       ||    17
       Large rock        |       |       |       |       |   217 |   180 |    87 ||   484
Invok: Recall Ancestor   |       |       |       |     4 |     5 |     1 |     3 ||    13
       Ancestor Life: He |       |       |       |     1 |       |       |       ||     1
       Transference      |       |       |       |       |       |     1 |     1 ||     2
Evoke: Wand              |       |       |       |     5 |     6 |    12 |    11 ||    34
  Use: Potion            |     1 |       |     9 |     6 |     9 |     7 |     9 ||    41
       Scroll            |       |       |     7 |    18 |    11 |    11 |    17 ||    64
 Stab: Distracted        |       |       |     1 |     3 |    19 |    28 |     7 ||    58
       Sleeping          |       |       |     2 |     5 |     4 |       |       ||    11
       Confused          |       |       |       |     6 |    13 |    12 |    11 ||    42
       Paralysed         |       |       |       |       |    13 |    41 |    16 ||    70
       Invisible         |       |       |       |       |       |     2 |       ||     2
       Petrified         |       |       |       |       |       |     1 |       ||     1
  Eat: Chunk             |     2 |     8 |    14 |    19 |    38 |    23 |    17 ||   121
       Ration            |       |       |     1 |     3 |     1 |     7 |     2 ||    14
Armor: Robe              |    31 |    29 |    44 |    31 |     2 |       |       ||   137
       Troll leather arm |       |       |       |       |    78 |       |       ||    78
       Gold dragon scale |       |       |       |       |    21 |   541 |   195 ||   757
Dodge: Dodged            |    39 |    48 |    92 |   187 |   372 |   346 |   146 ||  1230
Block: Shield            |    44 |    94 |   270 |   485 |  1067 |   462 |   487 ||  2909
       Reflection        |       |       |    10 |    10 |    40 |    75 |    41 ||   176
       Large shield      |       |       |       |       |    20 |  1519 |       ||  1539
       Rpst.: Falchion   |       |    10 |    29 |    37 |    32 |       |       ||   108
